 Dungeon Crawl Stone Soup version 0.13.2 (webtiles) character file.

3188 pictorio the Grappler (level 9, -3/85 HPs)
             Began as a Troll Monk on Oct 12, 2015.
             Slain by a gnoll sergeant
             ... wielding a +0,+0 spear
              (8 damage)
             ... on Level 7 of the Dungeon.
             The game lasted 01:01:51 (4874 turns).

pictorio the Grappler (Troll Monk)                  Turns: 4874, Time: 01:01:51

HP  -3/85        AC  5     Str 20      XL: 9   Next: 40%
MP   3/3         EV 14     Int  9      God:
Gold 465         SH  0     Dex 18      Spells:  0 memorised,  8 levels left

Res.Fire  : . . .   See Invis. : .     - Unarmed
Res.Cold  : . . .   Warding    : .   a - +0 orc robe {rN+}
Life Prot.: + . .   Conserve   : .   (shield restricted)
Res.Poison: .       Res.Corr.  : .   (helmet restricted)
Res.Elec. : .       Clarity    : +   (no cloak)
Sust.Abil.: . .     Spirit.Shd : .   (gloves unavailable)
Res.Mut.  : .       Stasis     : .   (boots unavailable)
Res.Rott. : .       Flight     : .   P - amulet of clarity {unknown}
Gourmand  : +                        g - cursed ring "Pnonenov" {Str-2 Dex+4 Int+3}
                                     D - ring "Miokeesa" {Hunger- Dam+5}

@: slightly resistant to hostile enchantments, fairly stealthy
A: unfitting armour, claws 3, fast metabolism 3, gourmand, regeneration 2,
saprovore 2, tough skin 2, AC +1
a: no special abilities


You were on level 7 of the Dungeon.
You were full.

You visited 2 branches of the dungeon, and saw 8 of its levels.

You collected 465 gold pieces.

Inventory:

Hand weapons
 e - a +2,+1 whip of flaming
 h - a +0,+0 dagger
 j - a +2,+0 dagger of holy wrath (quivered)
 l - a +0,+0 sling
 r - a +0,+0 whip
 u - a cursed -1,+1 orcish hand axe
 v - a +1,+3 orcish trident
 y - a +0 blowgun
 C - a +1,+0 orcish dagger of speed
 H - a +2,+0 whip of electrocution
 I - a cursed -3,+0 orcish trident
 M - a +0,+0 whip
 N - a +2,+2 elven long sword of holy wrath
Armour
 a - a +0 orcish robe of positive energy (worn)
Magical devices
 E - a wand of fire (3) {unknown}
Comestibles
 b - 4 meat rations
 k - a slice of pizza
 n - 7 bread rations
 p - an apple
 A - a banana
Scrolls
 W - 2 scrolls of remove curse
 X - a scroll of blinking {unknown}
 Z - 2 scrolls of fog
Jewellery
 g - the cursed ring "Pnonenov" (right claw) {Str-2 Dex+4 Int+3}
   (You found it on level 7 of the Dungeon)

   [ring of strength]

   It affects your strength (-2).
   It affects your intelligence (+3).
   It affects your dexterity (+4).
   It has a curse placed upon it.
 m - a +3 ring of evasion
 o - an uncursed ring of fire
 x - an uncursed ring of see invisible
 D - the ring "Miokeesa" (left claw) {Hunger- Dam+5}
   (You found it on level 5 of the Dungeon)

   [ring of sustenance]

   It affects your damage-dealing abilities (+5).
 P - an amulet of clarity (around neck) {unknown}
Potions
 c - a potion of restore abilities {unknown}
 d - 2 potions of poison {unknown}
 f - a potion of beneficial mutation {unknown}
 i - a potion of flight
 q - 4 potions of curing
 w - a potion of brilliance {unknown}
 z - a potion of paralysis {unknown}
Books
 V - a book of Ice

   Spells                             Type                      Level
   Freezing Aura                      Charms/Ice                   2
   Ensorcelled Hibernation            Hexes/Ice                    2
   Ozocubu's Refrigeration            Ice                          6
   Bolt of Cold                       Conjuration/Ice              6
   Freezing Cloud                     Conjuration/Ice/Air          6
   Metabolic Englaciation             Hexes/Ice                    6
   Simulacrum                         Ice/Necromancy               6
Magical staves
 F - an uncursed staff of conjuration {unknown}


   Skills:
 + Level 5.4 Fighting
 + Level 6.8 Dodging
 + Level 1.9 Stealth
 + Level 9.3 Unarmed Combat


You had 8 spell levels left.
You didn't know any spells.

Dungeon Overview and Level Annotations

Branches:
Dungeon (7/27)             Temple (1/1) D:4
    Orc: D:6-11

Altars:
Cheibriados
Elyvilon
Fedhas
Makhleb
Nemelex Xobeh
Okawaru
Sif Muna
Vehumet
Xom
Yredelemnul
Zin
the Shining One

Shops:
D:6 (


Innate Abilities, Weirdness & Mutations

You are too large for most types of armour.
You have claws for hands.
Your metabolism is lightning-fast.
You like to eat raw meat.
You heal very quickly.
You can eat rotten meat.
You are covered in fur (AC +1).
You have very tough skin (AC +2).


Message History

You kill the gnoll sergeant!
The gnoll sergeant hits you from afar with a spear.
* * * LOW HITPOINT WARNING * * *
The gnoll sergeant hits you with a spear.
* * * LOW HITPOINT WARNING * * *
Things that are here:
a glowing trident; a scale mail The gnoll sergeant blocks your attack.
You mangle the gnoll sergeant!!
The gnoll sergeant begins to bleed from its wounds!
The gnoll sergeant is almost dead.
The gnoll sergeant hits you with a spear!
* * * LOW HITPOINT WARNING * * *
The gnoll sergeant blocks your attack.
The gnoll sergeant is almost dead.
The gnoll sergeant barely misses you. The gnoll sergeant blocks your attack.
The gnoll sergeant is almost dead.
The gnoll sergeant hits you with a spear!
You die...

##### %.♣... #####
##.≈≈.≈.≈ #...# #..♣.≈P≈≈
#.#.# #♣≈.≈≈≈≈≈
#.#=#############.≈≈♣≈≈≈≈P
#.#['...........@gP.≈≈P≈≈.
....#############..≈≈.≈≈.≈
+#### ##.#♣..P. .# ## ####
.## ..# #.## #..# ##'#####


You could see a gnoll sergeant (bleeding).

Vanquished Creatures
  Pikel (D:6)
  An ice beast (D:6)
  2 phantoms
  The ghost of malin the Covered, an average MiFi (D:3)
  2 slaves (D:6)
  A sky beast (D:5)
  2 ogres
  5 big kobolds (D:5)
  A gnoll sergeant (D:7)
  A giant frog (D:6)
  Blork the orc (D:5)
  A crimson imp (D:7)
  2 jellies
  4 hounds
  7 orc priests
  An iguana (D:5)
  7 orc wizards
  A scorpion (D:5)
  4 worker ants
  Ijyb (D:2)
  Terence (D:2)
  6 adders
  8 gnolls (D:5)
  2 giant mites
  5 worms
  An iguana skeleton (D:4)
  An adder skeleton (D:4)
  A giant eyeball (D:5)
  4 giant geckos
  23 orcs
  4 bats
  A bat skeleton (D:5)
  6 giant cockroaches
  8 hobgoblins
  4 quokkas
  6 ball pythons
  2 giant gecko skeletons
  6 giant newts
  11 goblins
  55 kobolds
  An orc skeleton (D:5)
  9 rats
  A plant (D:5)
212 creatures vanquished.

Vanquished Creatures (others)
  A giant spore (D:6)
1 creature vanquished.

Grand Total: 213 creatures vanquished

Notes
Turn   | Place    | Note
--------------------------------------------------------------
     0 | D:1      | pictorio, the Troll Monk, began the quest for the Orb.
     0 | D:1      | Reached XP level 1. HP: 20/20 MP: 0/0
   379 | D:1      | Reached XP level 2. HP: 28/28 MP: 0/0
   889 | D:2      | Noticed Ijyb
   903 | D:2      | Killed Ijyb
   903 | D:2      | Reached XP level 3. HP: 34/36 MP: 1/1
  1232 | D:2      | Reached skill level 5 in Unarmed Combat
  1232 | D:2      | Reached XP level 4. HP: 30/44 MP: 1/1
  1328 | D:2      | Noticed Terence
  1337 | D:2      | Killed Terence
  1545 | D:3      | Noticed malin's ghost (average MiFi)
  1581 | D:3      | Killed malin's ghost
  1581 | D:3      | Reached XP level 5. HP: 10/52 MP: 1/1
  2099 | D:3      | Reached XP level 6. HP: 41/59 MP: 2/2
  2338 | D:4      | Reached skill level 6 in Unarmed Combat
  2374 | D:4      | Reached XP level 7. HP: 46/67 MP: 2/2
  2658 | D:4      | Found a staircase to the Ecumenical Temple.
  2677 | Temple   | Entered the Ecumenical Temple
  2943 | D:5      | Entered Level 5 of the Dungeon
  3137 | D:5      | Reached skill level 7 in Unarmed Combat
  3252 | D:5      | Noticed Blork the orc
  3261 | D:5      | Killed Blork the orc
  3284 | D:5      | Reached XP level 8. HP: 76/76 MP: 2/2
  3298 | D:5      | Reached skill level 5 in Dodging
  3446 | D:5      | Got a faintly glowing iron ring
  3725 | D:5      | Found a blossoming altar of Fedhas.
  4036 | D:5      | Reached skill level 8 in Unarmed Combat
  4172 | D:6      | Noticed Pikel
  4188 | D:6      | Killed Pikel
  4188 | D:6      | Reached skill level 5 in Fighting
  4188 | D:6      | Reached XP level 9. HP: 43/84 MP: 3/3
  4300 | D:6      | Found Woulid's Antique Weapon Emporium.
  4347 | D:6      | Reached skill level 9 in Unarmed Combat
  4779 | D:7      | Found a sparkling altar of Nemelex Xobeh.
  4822 | D:7      | Got a glittering steel ring
  4872 | D:7      | HP: 4/85 [gnoll sergeant/spear (9)]
  4874 | D:7      | Slain by a gnoll sergeant

Action                   |  1- 3 |  4- 6 |  7- 9 || total
-------------------------+-------+-------+-------++-------
Melee: Unarmed           |    86 |   161 |   347 ||   594
  Use: Scroll            |     6 |     1 |     6 ||    13
       Potion            |       |     2 |     2 ||     4
 Stab: Sleeping          |     1 |       |       ||     1
       Distracted        |     1 |       |       ||     1
